 Dungeon Crawl Stone Soup version 0.31-a0-965-g8a8ce12e04 (webtiles) character file.

Game seed: 1524573799525289751

39 Gladio the Vexing (level 3, 0/20 HPs)
             Began as a Deep Elf Hexslinger on Oct 26, 2023.
             Slain by a hobgoblin (4 damage)
             ... on level 2 of the Dungeon.
             The game lasted 00:02:17 (705 turns).

Gladio the Vexing (Deep Elf Hexslinger)              Turns: 705, Time: 00:02:17

Health: 0/20       AC:  2    Str:  5    XL:     3   Next: 26%
Magic:  8/8        EV: 13    Int: 17    God:
Gold:   35         SH:  0    Dex: 19    Spells: 4/6 levels left

rFire   . . .        a - +1 sling
rCold   . . .        (no shield)
rNeg    . . .        c - +0 robe
rPois   .            (no helmet)
rElec   .            (no cloak)
rCorr   .            (no gloves)
SInv    .            (no boots)
Will    .....        (no amulet)
Stlth   ++           (no ring)
HPRegen 0.23/turn    (no ring)
MPRegen 0.11/turn

%: no passive effects
@: weak-willed
A: no striking features
a: no special abilities


You were on level 2 of the Dungeon.
You visited 1 branch of the dungeon, and saw 2 of its levels.

You collected 35 gold pieces.

Inventory:

Hand Weapons
 a - a +1 sling (weapon)
Armour
 c - a +0 robe (worn)
 d - a +0 ring mail
Jewellery
 f - a ring of see invisible
Scrolls
 b - a scroll of poison
 e - a scroll of brand weapon {unknown}
 g - 2 scrolls of identify {unknown}
 h - a scroll of enchant weapon {unknown}


   Skills:
 + Level 1.2 Fighting
 * Level 3.7 Ranged Weapons
 + Level 2.9 Dodging
 + Level 2.1 Spellcasting
 + Level 4.3 Hexes
 - Level 1.1 Fire Magic


You had 4 spell levels left.
You knew the following spells:

 Your Spells              Type           Power      Damage    Failure   Level
a - Jinxbite              Hex            32%        N/A       4%          2

Your spell library contained the following spells:

 Spells                   Type           Power      Damage    Failure   Level
 Sigil of Binding         Hex            16%        N/A       10%         3
 Inner Flame              Hex/Fire       11%        N/A       19%         3
 Cause Fear               Hex            8%         N/A       32%         4
 Dimensional Bullseye     Hex/Tloc       4%         N/A       61%         4


Dungeon Overview and Level Annotations

Branches:
Dungeon (2/15)

Altars:


Message History

A hobgoblin comes into view.
Terence barely misses you.
You shoot a sling bullet. The hobgoblin shouts!
The sling bullet hits Terence but does no damage.
Terence is moderately wounded.
A giggling sprite leaps out and makes Terence trip over his own feet.
Terence is heavily wounded.
The jinxing sprites lose interest in you.
Terence barely misses you.
You shoot a sling bullet.
The sling bullet hits Terence but does no damage.
Terence is heavily wounded.
Terence hits you with a +0 short sword.
You shoot a sling bullet. The sling bullet hits Terence.
Terence is heavily wounded.
Terence hits you with a +0 short sword.
You shoot a sling bullet.
The sling bullet hits Terence but does no damage.
Terence is heavily wounded.
Terence hits you with a +0 short sword. Terence completely misses you.
You are too injured to fight recklessly!
You are too injured to fight recklessly!
You shoot a sling bullet.
The sling bullet hits Terence but does no damage.
Terence is heavily wounded.
Terence barely misses you.
You shoot a sling bullet. The sling bullet hits Terence.
Terence is severely wounded.
Terence seems less drained.
The hobgoblin hits you. Terence hits you with a +0 short sword.
You shoot a sling bullet.
The sling bullet hits Terence but does no damage.
Terence is severely wounded.
The hobgoblin misses you. Terence hits you with a +0 short sword.
* * * LOW HITPOINT WARNING * * *
You shoot a sling bullet. The sling bullet hits Terence!
You kill Terence!
The hobgoblin completely misses you. The hobgoblin hits you.
You die...

#....##.#.# . #.#
#....##.#..
.##.#####....##.#..
.........#####.#.#
###+####.#####†..###.#..
#..................#.###
#............#...#.#.#
#.?..........##### #.#
+..@).>..# #...g.####
#........ #......<...
#..####..... ##. ##...
#. ##. ..


You could see a hobgoblin.

Vanquished Creatures
  Terence (D:2)
  5 dart slugs
  An endoplasm (D:1)
  2 giant cockroaches
  2 goblins
  5 hobgoblins
  2 quokkas (D:1)
  A ball python (D:1)
  A bat (D:1)
  4 frilled lizards
  3 kobolds (D:1)
  2 rats (D:1)
29 creatures vanquished.

Notes
Turn   | Place    | Note
-------+----------+-------------------------------------------
     0 | D:1      | Gladio the Deep Elf Hexslinger began the quest for the Orb.
     0 | D:1      | Reached XP level 1. HP: 11/11 MP: 5/5
   164 | D:1      | Reached XP level 2. HP: 12/16 MP: 6/6
   167 | D:1      | Reached skill level 1 in Fighting
   186 | D:1      | Learned a level 2 spell: Jinxbite
   350 | D:1      | Reached XP level 3. HP: 20/20 MP: 5/8
   689 | D:2      | Noticed Terence
   705 | D:2      | Killed Terence
   705 | D:2      | Slain by a hobgoblin

Illustrated notes

Levels and vault maps discovered:
D:1:      lemuel_arrival_cross, layout_basic
D:2:      cheibrodos_helix_gallery, layout_basic, serial_curves, eino_curves_04,
          eino_curves_03, eino_curves_02, chequers_serial_rivers_room_a,
          uniq_terence

Skill      XL: |  1  2 |
---------------+-------+-----
Ranged Weapons | 3 |  3.7
Fighting       | 1 |  1.2
Spellcasting   | 2 |  2.1
Dodging        | |  2.9
Hexes          | |  4.3
Fire Magic     | |  1.1

Action                     || total
---------------------------++-------
   Fire: Sling             ||    68
   Cast: Jinxbite          ||     7
 Armour: Robe              ||    12
         Ring mail         ||    11
  Dodge: Dodged            ||    17

Table legend: (Time is in decaauts)
 A = Elapsed time spent in this place.
 B = Non-inter-level travel time spent in this place.
 C = Inter-level travel time spent in this place.
 D = Time resting spent in this place.
 E = Time spent auto-exploring this place.
 F = Levels seen in this place.
 G = Mean time per level.
                   A        B        C        D        E       F      G
               +--------+--------+--------+--------+--------+-----+--------+
         Total |    726 |    711 |     15 |      0 |    535 |   2 |  363.0 |
       Dungeon |    726 |    711 |     15 |      0 |    535 |   2 |  363.0 |
               +--------+--------+--------+--------+--------+-----+--------+

Top non-repeatable levels by time:
     D:1: 593 daAuts
     D:2: 133 daAuts
